 Dungeon Crawl Stone Soup version 0.30.0-30-g96aa6591b8 (webtiles) character file.

Game seed: 12942323122644531626

229223 Renzlar the Severer (level 19, -2/138 HPs)
             Began as a Gnoll Fighter on June 24, 2023.
             Was the Champion of Okawaru.
             Slain by an ettin skeleton (15 damage)
             ... summoned by a vampire mage
             ... on level 1 of the Depths on June 29, 2023.
             The game lasted 04:39:56 (37954 turns).

Renzlar the Severer (Gnoll Fighter)                Turns: 37954, Time: 04:39:57

Health: -2/138     AC: 30    Str: 23    XL:     19   Next: 44%
Magic:  20/49      EV: 18    Int:  9    God:    Okawaru [******]
Gold:   3213       SH: 12    Dex: 13    Spells: 15/45 levels left

rFire   + + .        k - +2 war axe (heavy)
rCold   + . .        v - +3 buckler {AC+3}
rNeg    + . .        F - +2 scale mail of Pathos {rPois rF+ Will+ MP+9}
rPois   +            x - +0 helmet
rElec   .            o - +2 ratskin cloak {*Rats rPois rN+ Str-1 Int-1 Dex+1}
rCorr   +            O - +2 pair of gloves {Stlth+}
SInv    .            m - +2 pair of boots
Will    ++...        u - amulet of regeneration
Stlth   +++++++      E - ring of protection from fire
HPRegen 1.23/turn    D - ring of Irofri {rC+ Will++ rCorr Str+5}
MPRegen 0.31/turn

%: no passive effects
@: about to teleport, weak-willed, heroic, studying 3 skills
A: fangs 1, strong nose, distributed training, hooves 1, dopey 1, frail 1, high
MP 1, MP-powered wands
}: 1/15 runes: decaying
a: Renounce Religion, Heroism, Finesse, Duel


You were on level 1 of the Depths.
You worshipped Okawaru.
Okawaru was exalted by your worship.
You visited 8 branches of the dungeon, and saw 32 of its levels.
You also visited: Gauntlet.

You collected 3693 gold pieces.
You spent 480 gold pieces at shops.

Inventory:

Hand Weapons
 a - a +6 broad axe of flaming
 c - a +4 hand crossbow of flaming
 h - the +9 quick blade of Pragmatism {drain, Str+7}
   (Okawaru gifted it to you on level 2 of the Spider Nest)

   Str:       It affects your strength (+7).
 k - a +2 heavy war axe (weapon)
Missiles
 b - 14 javelins
 f - 18 poisoned darts (quivered)
 K - 3 throwing nets
 W - 9 curare-tipped darts
Armour
 m - a +2 pair of boots (worn)
 o - the +2 ratskin cloak (worn) {*Rats rPois rN+ Str-1 Int-1 Dex+1}
   (You found it on level 5 of the Dungeon)

   *Rats:     When the wearer is hurt, rats may emerge from it to assist them.
   Str:       It affects your strength (-1).
   Int:       It affects your intelligence (-1).
   Dex:       It affects your dexterity (+1).
   rPois:     It protects you from poison.
   rN:        It protects you from negative energy.
 v - a +3 buckler of protection (worn)
 x - a +0 helmet (worn)
 F - the +2 scale mail of Pathos (worn) {rPois rF+ Will+ MP+9}
   (Okawaru gifted it to you on level 10 of the Dungeon)

   rF:        It protects you from fire.
   rPois:     It protects you from poison.
   MP:        It affects your magic capacity (+9).
   Will:      It increases your willpower.
 O - a +2 pair of gloves of stealth (worn)
 U - the +7 ice dragon scales "Kolevin" {rElec rF- rC++}
   (You took it off a minotaur in a Gauntlet)

   rF:        It makes you vulnerable to fire.
   rC:        It greatly protects you from cold.
   rElec:     It insulates you from electricity.
Jewellery
 d - a ring of protection from cold
 i - a ring of resist corrosion
 u - an amulet of regeneration (around neck)
 w - the ring of Zedwatof {Wiz SInv}
   (You acquired it on level 2 of the Spider Nest)

   [ring of wizardry]

   It improves your spell success rate.
   SInv:      It lets you see invisible.
 D - the ring of Irofri (right hand) {rC+ Will++ rCorr Str+5}
   (You found it on level 9 of the Dungeon)

   [ring of protection from cold]

   Str:       It affects your strength (+5).
   rC:        It protects you from cold.
   rCorr:     It protects you from acid and corrosion.
   Will:      It greatly increases your willpower.
 E - a ring of protection from fire (left hand)
 R - a ring of willpower
 S - a ring of positive energy
Wands
 n - a wand of mindburst (23)
 y - a wand of roots (36)
 A - a wand of digging (4)
 B - a wand of paralysis (38)
 M - a wand of flame (30)
 P - a wand of acid (1)
Scrolls
 j - 15 scrolls of teleportation
 r - 5 scrolls of fog
 s - 2 scrolls of magic mapping
 t - 22 scrolls of identify
 z - 2 scrolls of enchant armour
 G - 3 scrolls of fear
 I - 2 scrolls of amnesia
 L - a scroll of silence
 V - a scroll of brand weapon
 Z - a scroll of blinking
Potions
 e - 3 potions of haste
 g - 7 potions of curing
 l - 7 potions of cancellation
 q - 5 potions of flight
 C - 2 potions of magic
 J - a potion of might
 N - 3 potions of invisibility
 Q - 3 potions of resistance
 T - a potion of berserk rage
 X - 6 potions of heal wounds
Miscellaneous
 p - a condenser vane
 H - a lightning rod (3/4)


   Skills:
 + Level 14.9(19.9) Fighting
 + Level 13.5(18.5) Short Blades
 + Level 13.5(18.5) Long Blades
 + Level 19.1(24.1) Axes
 + Level 13.5(18.5) Maces & Flails
 + Level 13.5(18.5) Polearms
 + Level 13.9(18.9) Staves
 + Level 13.5(18.5) Ranged Weapons
 + Level 13.5(18.5) Throwing
 + Level 14.9(19.9) Armour
 + Level 13.5(18.5) Dodging
 + Level 13.5(18.5) Stealth
 + Level 14.9(19.9) Shields
 + Level 13.5(18.5) Unarmed Combat
 + Level 13.5 Spellcasting
 + Level 11.5 Conjurations
 + Level 11.5 Hexes
 + Level 11.5 Summonings
 + Level 11.5 Necromancy
 + Level 11.5 Translocations
 + Level 13.4 Transmutations
 + Level 11.5 Fire Magic
 + Level 11.5 Ice Magic
 + Level 11.5 Air Magic
 + Level 11.5 Earth Magic
 + Level 11.5 Poison Magic
 + Level 14.6 Invocations
 + Level 13.5 Evocations


You had 15 spell levels left.
You knew the following spells:

 Your Spells              Type           Power      Damage    Failure   Level
a - Ozocubu's Armour      Ice            26%        N/A       1%          3
b - Momentum Strike       Conj/Tloc      52%        3d9       1%          2
c - Blink                 Tloc           52%        N/A       1%          2
d - Hailstorm             Conj/Ice       26%        3d7       1%          3
e - Yara's Violent Unrav  Hex/Tmut       14%        3d7       3%          5
f - Airstrike             Air            13%        2d(2-18)  1%          4
g - Statue Form           Tmut/Erth      18%        N/A       17%         6
h - Lee's Rapid Deconstr  Erth           13%        3d9*      4%          5

Your spell library contained the following spells:

 Spells                   Type           Power      Damage    Failure   Level
 Cigotuvi's Dreadful Rot  Necr/Pois/Air  52%        N/A       1%          2
 Lesser Beckoning         Tloc           52%        N/A       1%          2
 Static Discharge         Conj/Air       52%        2-5/arc   1%          2
 Gell's Gravitas          Tloc           26%        N/A       1%          3
 Inner Flame              Hex/Fire       26%        N/A       1%          3
 Teleport Other           Tloc           26%        N/A       1%          3
 Dispel Undead            Necr           26%        3d13      1%          4
 Ice Form                 Ice/Tmut       28%        N/A       1%          4
 Leda's Liquefaction      Hex/Erth       13%        N/A       1%          4
 Eringya's Noxious Bog    Tmut/Pois      14%        N/A       17%         6
 Dispersal                Tloc           13%        N/A       26%         6
 Enfeeble                 Hex            13%        N/A       80%         7
 Ozocubu's Refrigeration  Ice            13%        4d10      80%         7
 Summon Lightning Spire   Summ/Air       Unusable   N/A       N/A         4
 Summon Forest            Summ/Tloc      Unusable   N/A       N/A         5
 Death Channel            Necr           Unusable   N/A       N/A         6
 Simulacrum               Ice/Necr       Unusable   N/A       N/A         6
 Summon Hydra             Summ           Unusable   N/A       N/A         7

Dungeon Overview and Level Annotations

Branches:
Dungeon (15/15)            Temple (1/1) D:4            Lair (5/5) D:10
  Swamp (4/4) Lair:2       Spider (3/4) Lair:3        Slime (0/5) Lair:5
    Orc (2/2) D:10            Elf (0/3) Orc:2        Vaults (1/5) D:13
 Depths (1/4) D:15        Gauntlet (visited)

Altars:
Ashenzari
Cheibriados
Dithmenos
Elyvilon
Fedhas
Gozag
Hepliaklqana
Kikubaaqudgha
Makhleb
Nemelex Xobeh
Okawaru
Qazlal
Ru
Sif Muna
Trog
Uskayaw
Vehumet
Wu Jian
Xom
Yredelemnul
Zin
The Shining One
Jiyva
Lugonu

Shops:
D:7 =*   D:10 (   D:11 (   D:13 [   Orc:2 **=[(

Portals:
Abyss: Lair:5


Innate Abilities, Weirdness & Mutations

You have very sharp teeth.
Your uncanny sense of smell can sniff out nearby items.
Your experience applies equally to all skills.
You have large cloven feet.
You are dopey. (Int -2)
You are frail. (-10% HP)
You have an increased reservoir of magic. (+10% MP)
You expend magic power (3 MP) to strengthen your wands.


Message History

Something bites you but does no damage.
The phantasmal warrior closely misses you.
Unknown command.
You miss something. You slice the phantasmal warrior!!
You hit the fire giant zombie. You hit the ettin skeleton. Something hits you.
You block something's attack.
The hell knight prays to its god.
The hell knight seems to speed up.
The fire giant zombie hits you but does no damage.
The ettin skeleton closely misses you. The ettin skeleton hits you!
* * * LOW HITPOINT WARNING * * *
The phantasmal warrior hits you!
* * * LOW HITPOINT WARNING * * *
Your willpower is stripped away!
Unknown command.
Unknown command.
Aiming: Thunderbolt
Press: ? - help, Shift-Dir - straight line, f/p - hell knight
Aim: a hell knight, wielding a +2 long sword of flaming and wearing a +0 plate armour (moderately wounded, fast, misshapen and mutated)
The thunderbolt hits the hell knight!!
The hell knight is moderately wounded.
The thunderbolt hits the jiangshi!!
The jiangshi is heavily damaged.
The thunderbolt hits something.
The thunderbolt hits the hell knight!
The hell knight is heavily wounded.
The hell knight utters an invocation to its god.
The hell knight blinks!
Something hits you but does no damage. Something bites you!
* * * LOW HITPOINT WARNING * * *
Something draws strength from your injuries!
You block the fire giant zombie's attack.
You block the ettin skeleton's attack.
The ettin skeleton hits you but does no damage.
The phantasmal warrior hits you but does no damage.
As you read the scroll of teleportation, it crumbles to dust.
You feel strangely unstable. Something hits you but does no damage.
Something bites you but does no damage. The hell knight barely misses you.
The phantasmal warrior misses you. The fire giant zombie misses you.
The ettin skeleton hits you!
You die...

#.......###...#...#
####'##..:#∆#.#.#.#∆
#..# ...#(#.#.#.##
#.####....#.(.#<..
#Z...[.......(.[(#
#p######.........(
#V# ##.....).## #{#
####........(
###@####...........#
#.WZZ.......#...#...
#..p....###.#.#.#.##
#.......(.#.#.#.#.#∆
#......(..#...#..(#
#..........(........
#...)...............
#.............######
######'########


You could see 2 hell knights, a jiangshi (summoned), a phantasmal warrior
(summoned), a tengu reaver simulacrum (summoned), a fire giant zombie (summoned)
and an ettin skeleton (summoned).

Vanquished Creatures
  the Lernaean hydra (Swamp:4)
  2 tentacled monstrosities
  Mlioglotl (Spider:3)
  Asterion (Vaults:1)
  Agnes (Spider:2)
  Kirke (Swamp:4)
  2 thorn hunters (Swamp:3)
  Roxanne (Swamp:4)
  Donald (Spider:2)
  A fenstrider witch (Swamp:3)
  3 vault wardens (Vaults:1)
  A ghost moth (Spider:1)
  3 ghouls (Swamp:4)
  2 orc warlords (Orc:1)
  2 ironbound thunderhulks (Vaults:1)
  A broodmother (Spider:3)
  8 ironbound preservers
  The ghost of case the Fencer, a journeyman HuFi of Makhleb (Lair:5)
  2 stone giants
  Nessos (D:15)
  A vampire knight (D:15)
  The ghost of ces the Crack Shot, a journeyman SpHu of Gozag (Spider:1)
  2 eleionomae
  5 dire elephants (Vaults:1)
  A spark wasp (Spider:3)
  2 bunyips (Swamp:4)
  A minotaur (Gauntlet)
  2 ettins
  3 fire dragons
  2 yaktaur captains (Vaults:1)
  3 entropy weavers
  2 great orbs of eyes
  A shambling mangrove (Swamp:1)
  A vault guard (D:13)
  18 hydras
  A jorogumo (Spider:3)
  A spriggan air mage (Depths:1)
  3 ogre magi
  4 ironbound frosthearts (Vaults:1)
  A catoblepas (D:9)
  7 centaur warriors
  2 ghost crabs
  18 two-headed ogres
  Erica (Lair:2)
  7 dancing weapons (Spider:1)
  A hell hog (Gauntlet)
  3 boulder beetles
  5 death yaks
  4 tengu warriors
  11 alligators
  5 orc high priests
  A shock serpent (shapeshifter) (Lair:5)
  4 thrashing horrors (Lair:5)
  Nergalle (Lair:2)
  4 hell knights (Depths:1)
  A skyshark (Lair:5)
  Amaemon (Arena)
  Lodul (D:14)
  A fire crab (Lair:3)
  3 pharaoh ants
  17 deep trolls
  7 goliath frogs
  12 swamp dragons
  A flayed ghost (Depths:1)
  3 orb spiders
  5 steelbarb worms
  2 wizards (Vaults:1)
  A bog body (Swamp:4)
  4 ironbound convokers (Vaults:1)
  2 oklob plants
  A lindwurm (Vaults:1)
  Pikel (D:6)
  3 orc knights
  25 ugly things
  A deep elf pyromancer (D:12)
  3 cyclopes
  An orc sorcerer (Orc:2)
  5 manticores
  13 wolf spiders
  6 will-o-the-wisps
  18 elephants
  6 black mambas
  Maurice (D:8)
  8 vault sentinels (Vaults:1)
  6 demonic crawlers
  4 torpor snails
  6 cane toads
  A gargoyle (D:13)
  An orange demon (Lair:1)
  2 smoke demons (Lair:5)
  A large abomination (Lair:5)
  An efreet (D:15)
  An unseen horror (D:12)
  Maggie (D:6)
  A freezing wraith (D:15)
  Psyche (D:11)
  3 rime drakes
  4 yaktaurs (Vaults:1)
  A yaktaur (shapeshifter) (D:15)
  2 ancient zymes (Lair:5)
  5 komodo dragons
  2 tengu conjurers (D:15)
  11 hornets
  6 meliai (Spider:3)
  A polar bear (Lair:4)
  6 trolls
  13 tyrant leeches
  6 dream sheep (Lair:4)
  43 tarantellas
  16 blink frogs
  14 jumping spiders
  19 slime creatures
  A shadow (D:12)
  2 wyverns
  12 culicivoras
  4 vampires
  A ynoxinul (Lair:5)
  A human (Swamp:4)
  A water elemental (D:13)
  63 yaks
  A spriggan (Swamp:2)
  12 small abominations (Lair:5)
  2 hogs (Swamp:4)
  2 fire bats (Gauntlet)
  A golden eye (shapeshifter) (D:13)
  36 redbacks
  8 basilisks
  3 chaos spawn (Lair:5)
  14 vampire mosquitoes
  4 wargs (Orc:1)
  15 swamp worms
  9 water moccasins
  3 acid dragons
  3 hell hounds (Gauntlet)
  A sky beast (D:8)
  5 swamp drakes (Swamp:4)
  35 orc warriors
  An ice beast (D:8)
  A boggart (Vaults:1)
  19 ogres
  7 centaurs
  14 wolves
  A kobold brigand (D:9)
  12 bullfrogs
  A scorpion (D:7)
  5 wights (D:9)
  3 killer bees (D:9)
  4 electric eels (D:10)
  6 howler monkeys
  4 hounds
  15 orc priests
  A gnoll bouda (D:9)
  6 jellies
  Terence (D:3)
  2 iguanas
  21 orc wizards
  4 hell rats (Lair:5)
  A boggart simulacrum (D:14)
  15 gnolls
  8 adders
  A shadow imp (D:7)
  3 white imps
  A dart slug (D:1)
  88 orcs
  9 endoplasms
  4 giant cockroaches
  7 hobgoblins
  2 jackals (D:2)
  A quokka (D:5)
  5 ball pythons
  10 bats
  6 frilled lizards
  4 goblins
  11 kobolds
  8 rats
1047 creatures vanquished.

Vanquished Creatures (collateral kills)
  An ogre (D:5)
1 creature vanquished.

Vanquished Creatures (others)
  A spriggan (Swamp:2)
  2 bloated husks (Swamp:2)
  A hornet (Swamp:2)
  2 culicivoras
  2 orc wizards
  2 orcs (Orc:2)
  13 foxfires
23 creatures vanquished.

Grand Total: 1071 creatures vanquished

Notes
Turn   | Place    | Note
-------+----------+-------------------------------------------
     0 | D:1      | Renzlar the Gnoll Fighter began the quest for the Orb.
     0 | D:1      | Reached XP level 1. HP: 23/23 MP: 1/1
    82 | D:1      | Reached XP level 2. HP: 29/29 MP: 2/2
   410 | D:1      | Reached XP level 3. HP: 31/35 MP: 3/3
   572 | D:1      | You fall into a shaft and drop 1 floor!
   720 | D:1      | Reached skill level 1 in Invocations
  1031 | D:1      | Reached skill level 1 in Short Blades
  1031 | D:1      | Reached skill level 1 in Long Blades
  1031 | D:1      | Reached skill level 1 in Maces & Flails
  1031 | D:1      | Reached skill level 1 in Polearms
  1031 | D:1      | Reached skill level 1 in Staves
  1031 | D:1      | Reached skill level 1 in Ranged Weapons
  1031 | D:1      | Reached skill level 1 in Throwing
  1031 | D:1      | Reached skill level 1 in Dodging
  1031 | D:1      | Reached skill level 1 in Stealth
  1031 | D:1      | Reached skill level 1 in Unarmed Combat
  1031 | D:1      | Reached skill level 1 in Spellcasting
  1031 | D:1      | Reached skill level 1 in Evocations
  1033 | D:1      | Reached XP level 4. HP: 30/41 MP: 5/5
  1130 | D:2      | Reached skill level 1 in Conjurations
  1130 | D:2      | Reached skill level 1 in Hexes
  1130 | D:2      | Reached skill level 1 in Summonings
  1130 | D:2      | Reached skill level 1 in Necromancy
  1130 | D:2      | Reached skill level 1 in Translocations
  1130 | D:2      | Reached skill level 1 in Transmutations
  1130 | D:2      | Reached skill level 1 in Fire Magic
  1130 | D:2      | Reached skill level 1 in Ice Magic
  1130 | D:2      | Reached skill level 1 in Air Magic
  1130 | D:2      | Reached skill level 1 in Earth Magic
  1130 | D:2      | Reached skill level 1 in Poison Magic
  1305 | D:2      | Learned a level 3 spell: Ozocubu's Armour
  2065 | D:3      | Found a sparkling altar of Nemelex Xobeh.
  2211 | D:3      | Reached skill level 5 in Axes
  2211 | D:3      | Reached XP level 5. HP: 44/47 MP: 5/7
  2332 | D:3      | Noticed Terence
  2343 | D:3      | Killed Terence
  2585 | D:3      | Found a burning altar of Makhleb.
  2670 | D:4      | Found a staircase to the Ecumenical Temple.
  2680 | Temple   | Entered the Ecumenical Temple
  2782 | D:4      | Found a glowing silver altar of Zin.
  2830 | D:4      | Found a broken altar of Ashenzari.
  3202 | D:4      | Noticed an ogre
  3217 | D:4      | Killed an ogre
  3218 | D:4      | Reached XP level 6. HP: 14/53 MP: 7/9
  3593 | D:5      | Entered Level 5 of the Dungeon
  3736 | D:5      | Found the +2 ratskin cloak {*Rats rPois rN+ Str-1 Int-1
                  | Dex+1}
  3765 | D:5      | Reached XP level 7. HP: 13/60 MP: 10/10
  4096 | D:5      | Reached skill level 6 in Axes
  4151 | D:5      | Found an iron altar of Okawaru.
  4155 | D:5      | Became a worshipper of Warmaster Okawaru
  5082 | D:6      | Noticed Pikel
  5095 | D:6      | Killed Pikel
  5095 | D:6      | Reached * piety under Okawaru
  5096 | D:6      | Reached XP level 8. HP: 48/67 MP: 9/13
  5168 | D:6      | Reached skill level 7 in Axes
  5256 | D:6      | Identified the +1 ring mail of Ryemmaus {Rampage rC+}
  5271 | D:6      | Learned a level 2 spell: Momentum Strike
  5441 | D:6      | Reached ** piety under Okawaru
  5508 | D:6      | Noticed Maggie
  5519 | D:6      | Killed Maggie
  5520 | D:6      | Reached XP level 9. HP: 74/74 MP: 11/15
  6137 | D:7      | Found Fedemn's Assorted Antiques.
  6177 | D:7      | Reached skill level 8 in Axes
  6237 | D:7      | Found an ancient bone altar of Kikubaaqudgha.
  6238 | D:7      | Found a snail-covered altar of Cheibriados.
  6316 | D:7      | Found a runed translucent door.
  6394 | D:7      | Found Zyeruet's Jewellery Boutique.
  6484 | D:7      | Reached skill level 5 in Invocations
  6640 | D:7      | Found a bloodstained altar of Trog.
  6898 | D:7      | Reached *** piety under Okawaru
  7131 | D:8      | Received a gift from Okawaru
  7163 | D:8      | Found a white marble altar of Elyvilon.
  7172 | D:8      | Noticed Maurice
  7196 | D:8      | Killed Maurice
  7197 | D:8      | Reached skill level 5 in Short Blades
  7197 | D:8      | Reached skill level 5 in Long Blades
  7197 | D:8      | Reached skill level 5 in Maces & Flails
  7197 | D:8      | Reached skill level 5 in Polearms
  7197 | D:8      | Reached skill level 5 in Staves
  7197 | D:8      | Reached skill level 5 in Ranged Weapons
  7197 | D:8      | Reached skill level 5 in Throwing
  7197 | D:8      | Reached skill level 5 in Dodging
  7197 | D:8      | Reached skill level 5 in Stealth
  7197 | D:8      | Reached skill level 5 in Unarmed Combat
  7197 | D:8      | Reached skill level 5 in Spellcasting
  7197 | D:8      | Reached skill level 5 in Evocations
  7197 | D:8      | Reached XP level 10. HP: 73/81 MP: 14/17
  7435 | D:8      | Found an ornate altar of the Wu Jian Council.
  7966 | D:9      | Identified the ring of Irofri {rC+ Will++ rCorr Str+5}
  8060 | D:9      | Found a faded altar of an unknown god.
  8086 | D:9      | Reached **** piety under Okawaru
  8086 | D:9      | Received a gift from Okawaru
  8162 | D:9      | Reached skill level 9 in Axes
  8363 | D:9      | Noticed a two-headed ogre
  8377 | D:9      | Killed a two-headed ogre
  8377 | D:9      | Received a gift from Okawaru
  8605 | D:9      | Noticed a catoblepas
  8614 | D:9      | Killed a catoblepas
  8708 | D:10     | Entered Level 10 of the Dungeon
  8858 | D:10     | Noticed a green ugly thing
  8919 | D:10     | Killed a green ugly thing
  8920 | D:10     | Reached skill level 5 in Conjurations
  8920 | D:10     | Reached skill level 5 in Hexes
  8920 | D:10     | Reached skill level 5 in Summonings
  8920 | D:10     | Reached skill level 5 in Necromancy
  8920 | D:10     | Reached skill level 5 in Translocations
  8920 | D:10     | Reached skill level 5 in Transmutations
  8920 | D:10     | Reached skill level 5 in Fire Magic
  8920 | D:10     | Reached skill level 5 in Ice Magic
  8920 | D:10     | Reached skill level 5 in Air Magic
  8920 | D:10     | Reached skill level 5 in Earth Magic
  8920 | D:10     | Reached skill level 5 in Poison Magic
  8920 | D:10     | Reached XP level 11. HP: 85/89 MP: 18/20
  8923 | D:10     | Learned a level 2 spell: Blink
  8927 | D:10     | Learned a level 3 spell: Hailstorm
  8944 | D:10     | Noticed a two-headed ogre
  8975 | D:10     | Killed a two-headed ogre
  8975 | D:10     | Reached ***** piety under Okawaru
  8975 | D:10     | Received a gift from Okawaru
  8976 | D:10     | Reached skill level 10 in Axes
  9069 | D:10     | Found a basalt altar of Yredelemnul.
  9633 | D:10     | Noticed a two-headed ogre
  9645 | D:10     | Killed a two-headed ogre
  9645 | D:10     | Received a gift from Okawaru
  9730 | D:10     | Found a staircase to the Lair.
  9740 | D:10     | Found a staircase to the Orcish Mines.
  9757 | D:10     | Found Sarchoare's Antique Weapon Boutique.
  9923 | D:10     | Received a gift from Okawaru
  9946 | D:10     | Identified the +2 scale mail of Pathos {rPois rF+ Will+
                  | MP+9} (Okawaru gifted it to you on level 10 of the Dungeon)
  9946 | D:10     | Received a gift from Okawaru
 10136 | D:11     | Noticed a two-headed ogre
 10153 | D:11     | Killed a two-headed ogre
 10407 | D:11     | Noticed Psyche
 10415 | D:11     | Killed Psyche
 10442 | D:11     | Found Lamesk's Antique Weapon Boutique.
 10576 | D:11     | Noticed a manticore
 10594 | D:11     | Killed a manticore
 10846 | D:11     | Noticed a tengu warrior
 10857 | D:11     | Killed a tengu warrior
 10858 | D:11     | Reached skill level 11 in Axes
 11311 | Lair:1   | Entered Level 1 of the Lair of Beasts
 11350 | Lair:1   | Noticed Amaemon
 11360 | Arena    | Entered the Arena
 11367 | Arena    | Killed Amaemon
 11368 | Arena    | Reached XP level 12. HP: 53/97 MP: 15/22
 11651 | Lair:1   | Noticed a seven-headed hydra
 11655 | Lair:1   | Killed a four-headed hydra
 12055 | Lair:1   | Reached skill level 10 in Fighting
 12055 | Lair:1   | Reached skill level 10 in Armour
 12055 | Lair:1   | Reached skill level 10 in Shields
 12591 | Lair:2   | Received a gift from Okawaru
 12856 | Lair:2   | Noticed Erica
 12871 | Lair:2   | Killed Erica
 13218 | Lair:2   | Noticed Nergalle
 13234 | Lair:2   | Killed Nergalle
 13234 | Lair:2   | Received a gift from Okawaru
 13421 | Lair:2   | Found a staircase to the Swamp.
 13580 | Lair:3   | Reached skill level 12 in Axes
 13645 | Lair:3   | Received a gift from Okawaru
 13778 | Lair:3   | Noticed a death yak
 13786 | Lair:3   | Noticed a death yak
 13790 | Lair:3   | Noticed a death yak
 13791 | Lair:3   | Noticed a death yak
 13795 | Lair:3   | Noticed a death yak
 13847 | Lair:2   | Killed a death yak
 13999 | Lair:2   | Killed a death yak
 14185 | Lair:2   | Reached XP level 13. HP: 78/104 MP: 2/25
 14695 | Lair:3   | Identified the +0 ring mail "Cauts" {rPois Will- Dex+3}
 14725 | Lair:3   | Identified the +0 scale mail of the Ageless Olives {Rampage
                  | rElec MP+9 Str+4}
 14856 | Lair:3   | Found a hole to the Spider Nest.
 15642 | Lair:4   | Reached skill level 13 in Axes
 15825 | Lair:4   | Received a gift from Okawaru
 15834 | Lair:4   | Upgraded the game from 0.30.0-29-ga12c61a403 to
                  | 0.30.0-30-g96aa6591b8
 16435 | Lair:5   | Entered Level 5 of the Lair of Beasts
 17065 | Lair:5   | Reached XP level 14. HP: 105/113 MP: 27/27
 17067 | Lair:5   | Reached skill level 10 in Invocations
 17254 | Lair:5   | Found a runed translucent door.
 17265 | Lair:5   | Noticed case's ghost (journeyman HuFi)
 17267 | Lair:5   | Found a runed translucent door.
 17282 | Lair:5   | Killed case's ghost
 17290 | Lair:5   | Found a viscous altar of Jiyva.
 17292 | Lair:5   | Found a staircase to the Slime Pits.
 17376 | Lair:5   | Identified the +3 dagger "Caqaidgh" {protect, Int+4 Dex-5}
                  | (Okawaru gifted it to you on level 5 of the Lair of Beasts)
 17376 | Lair:5   | Received a gift from Okawaru
 17386 | Lair:5   | Learned a level 5 spell: Yara's Violent Unravelling
 17961 | Lair:5   | Reached ****** piety under Okawaru
 17962 | Lair:5   | Reached skill level 14 in Axes
 18856 | Lair:5   | Received a gift from Okawaru
 19131 | Lair:5   | Found a corrupted altar of Lugonu.
 19131 | Lair:5   | Found a one-way gate to the infinite horrors of the Abyss.
 19150 | Lair:5   | Gained mutation: You are dopey. (Int -2) [potion of
                  | mutation]
 19151 | Lair:5   | Lost mutation: You are dopey. (Int -2) [potion of mutation]
 19151 | Lair:5   | Gained mutation: You are vulnerable to heat. (rF-) [potion
                  | of mutation]
 19152 | Lair:5   | Lost mutation: You are vulnerable to heat. (rF-) [potion of
                  | mutation]
 19152 | Lair:5   | Gained mutation: You have large cloven feet. [potion of
                  | mutation]
 19152 | Lair:5   | Gained mutation: You expend magic power (3 MP) to
                  | strengthen your wands. [potion of mutation]
 19239 | Lair:5   | Learned a level 4 spell: Airstrike
 19490 | Orc:1    | Entered Level 1 of the Orcish Mines
 19505 | D:10     | Received a gift from Okawaru
 19965 | Orc:1    | Received a gift from Okawaru
 20377 | Orc:2    | Entered Level 2 of the Orcish Mines
 20383 | Orc:2    | Noticed an orc warlord
 20504 | Orc:1    | Killed an orc warlord
 20505 | Orc:1    | Reached skill level 10 in Short Blades
 20505 | Orc:1    | Reached skill level 10 in Long Blades
 20505 | Orc:1    | Reached skill level 10 in Maces & Flails
 20505 | Orc:1    | Reached skill level 10 in Polearms
 20505 | Orc:1    | Reached skill level 10 in Staves
 20505 | Orc:1    | Reached skill level 10 in Ranged Weapons
 20505 | Orc:1    | Reached skill level 10 in Throwing
 20505 | Orc:1    | Reached skill level 10 in Dodging
 20505 | Orc:1    | Reached skill level 10 in Stealth
 20505 | Orc:1    | Reached skill level 10 in Unarmed Combat
 20505 | Orc:1    | Reached skill level 10 in Spellcasting
 20505 | Orc:1    | Reached skill level 10 in Evocations
 20747 | Orc:2    | Noticed an orc warlord
 20754 | Orc:2    | Found Peonyr's Antique Armour Shop.
 20923 | Orc:1    | HP: 3/114 [orc knight/+0 broad axe (9)]
 21253 | Orc:1    | Killed an orc warlord
 21254 | Orc:1    | Reached XP level 15. HP: 27/120 MP: 9/29
 21902 | Orc:2    | Found Adamuun's General Store.
 21910 | Orc:2    | Received a gift from Okawaru
 22037 | Orc:2    | Found Pighymow's General Store.
 22211 | Orc:2    | Found Feomaint's Antique Weapon Boutique.
 22417 | Orc:2    | Found a staircase to the Elven Halls.
 22528 | Orc:2    | Found Tobimupt's Jewellery Boutique.
 22536 | Orc:2    | Bought an amulet of regeneration for 480 gold pieces
 23173 | D:12     | Reached skill level 15 in Axes
 23415 | D:12     | Received a gift from Okawaru
 23487 | D:12     | Identified the -2 pair of gloves of the Lute {Will+ Int-5
                  | Dex+5}
 23859 | D:13     | Found Tyuqik's Antique Armour Boutique.
 24576 | D:13     | Received a gift from Okawaru
 24685 | D:13     | Found a gate to the Vaults.
 24697 | D:13     | Identified the +0 scale mail of Salvation {rCorr Dex+3
                  | Slay+3}
 24797 | D:14     | Found a gate leading to a gauntlet.
 24806 | Gauntlet | Entered a Gauntlet
 24806 | Gauntlet | Found a transporter.
 24806 | Gauntlet | Found a transporter.
 24827 | Gauntlet | Found a transporter.
 24829 | Gauntlet | Found a transporter.
 24839 | Gauntlet | Found a transporter.
 24839 | Gauntlet | Found the +3 salamander hide armour {Flames, rFlCloud rF++
                  | rC--}
 24843 | Gauntlet | Found a transporter.
 24859 | Gauntlet | Found a transporter.
 24881 | Gauntlet | Found a transporter.
 24899 | Gauntlet | Found a transporter.
 24903 | Gauntlet | Found a transporter.
 24919 | Gauntlet | Found a transporter.
 24923 | Gauntlet | Found a transporter.
 24979 | Gauntlet | Identified the staff of cold "Bapp" {rF+ rC+ Will- rCorr
                  | Dex+3}
 25059 | Gauntlet | Identified the +1 pair of gloves "Biysod" {rElec rPois rN++
                  | Int-3}
 25070 | Gauntlet | Identified the +7 ice dragon scales "Kolevin" {rElec rF-
                  | rC++}
 25108 | Gauntlet | Identified the +0 leather armour of Umahum {-Tele rC+++
                  | Will+}
 25111 | Gauntlet | Identified the +1 pair of gloves of Xakovaxt {Rampage}
 25165 | D:14     | Received a gift from Okawaru
 25665 | D:14     | Noticed Lodul
 25679 | D:14     | Killed Lodul
 25775 | D:14     | Reached XP level 16. HP: 79/129 MP: 30/30
 26323 | Swamp:1  | Entered Level 1 of the Swamp
 27057 | Swamp:2  | HP: 6/126 [tyrant leech (15)]
 27065 | Swamp:1  | Reached skill level 16 in Axes
 27229 | Swamp:1  | Paralysed by a hornet for 2 turns
 27359 | Swamp:2  | Reached skill level 10 in Transmutations
 27383 | Swamp:1  | Received a gift from Okawaru
 27469 | Swamp:2  | You fall into a shaft and drop 1 floor!
 27485 | Swamp:2  | Found a blossoming altar of Fedhas.
 27597 | Swamp:2  | Noticed a tentacled monstrosity
 27610 | Swamp:2  | Killed a tentacled monstrosity
 28256 | Swamp:3  | Noticed a thorn hunter
 28284 | Swamp:3  | Killed a thorn hunter
 28727 | Swamp:4  | Entered Level 4 of the Swamp
 28727 | Swamp:4  | Noticed Roxanne
 28745 | Swamp:3  | Received a gift from Okawaru
 28769 | Swamp:4  | Noticed a thorn hunter
 28788 | Swamp:3  | Killed a thorn hunter
 28954 | Swamp:4  | Noticed Kirke
 28972 | Swamp:4  | Killed Kirke
 28972 | Swamp:4  | Received a gift from Okawaru
 29040 | Swamp:4  | Killed Roxanne
 29075 | Swamp:4  | Learned a level 6 spell: Statue Form
 29081 | Swamp:4  | Learned a level 5 spell: Lee's Rapid Deconstruction
 29194 | Swamp:4  | Noticed a tentacled monstrosity
 29205 | Swamp:4  | Killed a tentacled monstrosity
 29418 | Swamp:4  | Gained mutation: You are dopey. (Int -2) [mutagenic glow]
 29448 | Swamp:4  | Reached XP level 17. HP: 129/137 MP: 26/32
 29532 | Swamp:4  | Received a gift from Okawaru
 29551 | Swamp:4  | Reached skill level 10 in Conjurations
 29551 | Swamp:4  | Reached skill level 10 in Hexes
 29551 | Swamp:4  | Reached skill level 10 in Summonings
 29551 | Swamp:4  | Reached skill level 10 in Necromancy
 29551 | Swamp:4  | Reached skill level 10 in Translocations
 29551 | Swamp:4  | Reached skill level 10 in Fire Magic
 29551 | Swamp:4  | Reached skill level 10 in Ice Magic
 29551 | Swamp:4  | Reached skill level 10 in Air Magic
 29551 | Swamp:4  | Reached skill level 10 in Earth Magic
 29551 | Swamp:4  | Reached skill level 10 in Poison Magic
 29669 | Swamp:4  | Paralysed by a fenstrider witch for 2 turns
 29894 | Swamp:4  | Reached skill level 17 in Axes
 30296 | Swamp:4  | Noticed the 27-headed Lernaean hydra
 30306 | Swamp:4  | Killed the 24-headed Lernaean hydra
 30429 | Swamp:4  | Got a decaying rune of Zot
 30772 | D:15     | Entered Level 15 of the Dungeon
 30823 | D:15     | Received a gift from Okawaru
 31040 | D:15     | Noticed Nessos
 31051 | D:15     | Killed Nessos
 31356 | D:15     | Gained mutation: You are frail. (-10% HP) [mutagenic glow]
 31388 | D:15     | Found a staircase to the Depths.
 31750 | Vaults:1 | Entered Level 1 of the Vaults
 31776 | D:13     | Received a gift from Okawaru
 32147 | Vaults:1 | Gained mutation: You have an increased reservoir of magic.
                  | (+10% MP) [mutagenic glow]
 32348 | Vaults:1 | Noticed Asterion
 32356 | Vaults:1 | Killed Asterion
 32429 | Vaults:1 | Received a gift from Okawaru
 32473 | Vaults:1 | Reached XP level 18. HP: 130/130 MP: 32/37
 32898 | Vaults:1 | Reached skill level 18 in Axes
 33051 | Vaults:1 | HP: 1/170 [dire elephant (12)]
 33951 | Spider:1 | Entered Level 1 of the Spider Nest
 34137 | Spider:1 | Received a gift from Okawaru
 34436 | Spider:1 | Received a gift from Okawaru
 34694 | Spider:1 | Noticed ces's ghost (journeyman SpHu)
 34698 | Spider:1 | Found a runed translucent door.
 34735 | Spider:1 | Killed ces's ghost
 34952 | Spider:1 | Received a gift from Okawaru
 35098 | Spider:1 | Found a runed translucent door.
 35292 | Spider:1 | Received a gift from Okawaru
 35357 | Spider:1 | Received a gift from Okawaru
 35603 | Spider:2 | You fall into a shaft and drop 1 floor!
 35610 | Spider:3 | Received a gift from Okawaru
 35828 | Spider:3 | Noticed Mlioglotl
 35841 | Spider:3 | Killed Mlioglotl
 36055 | Spider:3 | Reached XP level 19. HP: 137/137 MP: 33/39
 36527 | Spider:2 | Noticed Agnes
 36530 | Spider:2 | Killed Agnes
 36556 | Spider:2 | Identified the +9 quick blade of Pragmatism {drain, Str+7}
                  | (Okawaru gifted it to you on level 2 of the Spider Nest)
 36556 | Spider:2 | Received a gift from Okawaru
 36847 | Spider:2 | Identified a scroll of acquirement
 36856 | Spider:2 | Acquired the ring of Zedwatof {Wiz SInv}
 36872 | Spider:2 | Noticed Donald
 36897 | Spider:2 | Killed Donald
 37561 | Depths:1 | Entered Level 1 of the Depths
 37577 | D:15     | Reached skill level 19 in Axes
 37954 | Depths:1 | Slain by an ettin skeleton

Illustrated notes

Levels and vault maps discovered:
D:1:      roderic_crossed_star, layout_basic
D:2:      layout_basic, serial_forest, infiniplex_forest_end_3,
          infiniplex_forest_lined_ring, infiniplex_forest_clump_curved,
          infiniplex_forest_end_1, infiniplex_forest_corner_1,
          minmay_hedge_maze, bh_walls_and_bars
D:3:      layout_rooms, lightli_temple_of_fire,
          nemelex_xobeh_ov_fountains_minmay, serial_park_tiny_2,
          minmay_statues_item, uniq_terence
D:4:      layout_gridville, mainiacjoe_overflow_catwalk,
          evilmike_ruin_ashenzari, minmay_temple_entry_glass
D:5:      layout_basic, marbit_many_paths
D:6:      layout_basic, minmay_misc_feat_tiny, uniq_pikel, uniq_maggie
D:7:      layout_loops_ring, mainiacjoe_overflow_tiny_flanked,
          mainiacjoe_overflow_large_starburst, serial_shops,
          nicolae_shop_behind_doors, nicolae_stop_n_shop_2,
          lightli_church_of_beogh
D:8:      layout_loops_cross, mainiacjoe_overflow_cross_hatched,
          lemuel_doored_altar, due_unseen_surprise, uniq_maurice
D:9:      layout_irregular_city, serial_column_ruins, column_ruins_temple_hall,
          column_ruins_square_medium, column_ruins_open_small,
          column_ruins_grid_3, column_ruins_columns_dead_end,
          column_ruins_grid_2, column_ruins_grid_3
D:10:     layout_basic, lemuel_round_altar, lair_entry_dummy, orc_0_dummy,
          serial_shops, kennysheep_mini, serial_aquarium,
          aquarium_bridge_straight [aquarium_subvault_bridge,
          aquarium_subvault_window, aquarium_subvault_bridge,
          aquarium_subvault_wall], aquarium_window_1, aquarium_window_fake,
          aquarium_view_2c
D:11:     layout_loops_ring, serial_shops, shop, dreamdust_mushroom_princess,
          uniq_psyche
D:12:     layout_basic
D:13:     layout_cave_pods, david_vaults_5, nicolae_inconvenience_store,
          hangedman_abyss_or_decor_lesser_grid
D:14:     layout_grid_maze, nicolae_twisting_strands, gauntlet_entry_generic,
          uniq_lodul
D:15:     gammafunk_enter_depths_forms, layout_cave_pools,
          nicolae_concentric_dashed_squares_mild, uniq_nessos
Temple:   jpeg_temple_clearing
Lair:1:   layout_long_grid, grunt_megastairs_3, uniq_amaemon
Lair:2:   layout_hall_layers, minmay_swamp_entry_wisps, uniq_nergalle,
          uniq_erica
Lair:3:   layout_misc_corridors, spider_nest_entry_funnel_web,
          grunt_megastairs_1, lemuel_fruit_fields
Lair:4:   layout_cave_pods
Lair:5:   hellmonk_lair_end_abyssal_woods, layout_regular_city, slime_entry_2,
          ebering_ghost_inner_flame, infiniplex_staircase_pool_2
Swamp:1:  layout_basic_swamp, nicolae_swamp_small_spring
Swamp:2:  layout_falls_marsh, basic_altar
Swamp:3:  layout_falls_marsh, evilmike_swamp_ruin_rubble_1,
          nicolae_swamp_bean_lake
Swamp:4:  swamp_old_school, layout_basic_swamp, uniq_roxanne, uniq_kirke
Spider:1: cheibrodos_spider_deadly_dance, hellmonk_ghost_happy_afterlife,
          spiders_nest_hornet_nest
Spider:2: layout_spider_delve, spiders_nest_spider_trap, uniq_donald, uniq_agnes
Spider:3: layout_spider_delve, uniq_mlioglotl
Orc:1:    layout_diamond_mine
Orc:2:    grunt_orc_gardens, layout_caves, grunt_orc_garden, grunt_orc_garden,
          grunt_orc_garden, grunt_orc_garden, serial_shops,
          nicolae_shop_getting_attention, roderic_batcave
Vaults:1: grunt_vaults_twisty, nicolae_vaults_storage_closets_1,
          nicolae_vaults_lightning_bolt, nicolae_vaults_closet_pinwheel_2,
          nicolae_vaults_prndl, nicolae_vaults_border_crossing,
          nicolae_vaults_disjoint_gnomons, ontoclasm_vaults_twist,
          nicolae_vaults_closet_pinwheel_3,
          nicolae_vaults_variable_pillar_hall_cross,
          nicolae_vaults_storage_room_water, vaults_room_fancy_cross,
          nicolae_vaults_cochlea, layout_vaults_omnibox, uniq_asterion
Depths:1: layout_gridlike, grunt_mini_vestibule, hangedman_stitches_earthworm

Skill      XL: |  1  2  3  4  5  6  7  8  9 10 11 12 13 14 15 16 17 18 19 |
---------------+----------------------------------------------------------+-----
Invocations    | 1 2 3 4 5 6 7 8 9 10 11 12 13 14 | 14.6
Short Blades   | 1 2 3 4 5 6 7 8 9 10 11 12 13 | 13.5
Long Blades    | 1 2 3 4 5 6 7 8 9 10 11 12 13 | 13.5
Maces & Flails | 1 2 3 4 5 6 7 8 9 10 11 12 13 | 13.5
Polearms       | 1 2 3 4 5 6 7 8 9 10 11 12 13 | 13.5
Staves         | 1 2 3 4 5 6 7 8 9 10 11 12 13 | 13.9
Ranged Weapons | 1 2 3 4 5 6 7 8 9 10 11 12 13 | 13.5
Throwing       | 1 2 3 4 5 6 7 8 9 10 11 12 13 | 13.5
Dodging        | 1 2 3 4 5 6 7 8 9 10 11 12 13 | 13.5
Stealth        | 1 2 3 4 5 6 7 8 9 10 11 12 13 | 13.5
Unarmed Combat | 1 2 3 4 5 6 7 8 9 10 11 12 13 | 13.5
Spellcasting   | 1 2 3 4 5 6 7 8 9 10 11 12 13 | 13.5
Evocations     | 1 2 3 4 5 6 7 8 9 10 11 12 13 | 13.5
Conjurations   | 1 2 3 4 5 6 7 8 9 10 11 | 11.5
Hexes          | 1 2 3 4 5 6 7 8 9 10 11 | 11.5
Summonings     | 1 2 3 4 5 6 7 8 9 10 11 | 11.5
Necromancy     | 1 2 3 4 5 6 7 8 9 10 11 | 11.5
Translocations | 1 2 3 4 5 6 7 8 9 10 11 | 11.5
Transmutations | 1 2 3 4 5 6 7 8 9 10 11 13 | 13.4
Fire Magic     | 1 2 3 4 5 6 7 8 9 10 11 | 11.5
Ice Magic      | 1 2 3 4 5 6 7 8 9 10 11 | 11.5
Air Magic      | 1 2 3 4 5 6 7 8 9 10 11 | 11.5
Earth Magic    | 1 2 3 4 5 6 7 8 9 10 11 | 11.5
Poison Magic   | 1 2 3 4 5 6 7 8 9 10 11 | 11.5
Axes           | 5 6 7 8 9 11 12 13 14 15 16 17 18 19 | 19.1
Fighting       | 7 8 9 10 11 12 13 14 | 14.9
Armour         | 7 8 9 10 11 12 13 14 | 14.9
Shields        | 7 8 9 10 11 12 13 14 | 14.9

Action                     |  1- 3 |  4- 6 |  7- 9 | 10-12 | 13-15 | 16-18 | 19-21 || total
---------------------------+-------+-------+-------+-------+-------+-------+-------++-------
  Melee: War axe           |   104 |   113 |   220 |   180 |   990 |   917 |   204 ||  2728
         Bite              |     6 |     9 |    34 |    64 |   145 |   185 |    31 ||   474
         Dagger            |       |       |     4 |       |    18 |    23 |     3 ||    48
         Broad axe         |       |       |    82 |   274 |    36 |   113 |       ||   505
         Kick              |       |       |       |       |       |    90 |    41 ||   131
         Quick blade       |       |       |       |       |       |       |     5 ||     5
   Fire: Sling             |       |       |    26 |   130 |   247 |   319 |       ||   722
         Hand crossbow     |       |       |       |       |       |   179 |    40 ||   219
  Throw: Throwing net      |       |     1 |     1 |       |     1 |       |       ||     3
         Dart              |       |       |       |    12 |     9 |     4 |       ||    25
         Javelin           |       |       |       |     3 |     9 |       |       ||    12
   Cast: Momentum Strike   |       |       |     2 |       |       |       |       ||     2
         Ozocubu's Armour  |       |       |       |     3 |       |       |       ||     3
         Hailstorm         |       |       |       |     1 |       |       |       ||     1
         Statue Form       |       |       |       |       |       |    24 |     7 ||    31
         Airstrike         |       |       |       |       |       |     1 |       ||     1
         Yara's Violent Un |       |       |       |       |       |     4 |     6 ||    10
         Lee's Rapid Decon |       |       |       |       |       |       |     1 ||     1
 Invoke: Heroism           |       |       |     2 |     4 |     5 |     3 |     1 ||    15
         Duel              |       |       |       |     1 |       |       |       ||     1
  Evoke: Wand              |       |     1 |     2 |     2 |       |     4 |     1 ||    10
         Condenser vane    |       |       |       |       |       |     3 |       ||     3
         Lightning rod     |       |       |       |       |       |       |     1 ||     1
    Use: Scroll            |     5 |    12 |     5 |     7 |     9 |    10 |     5 ||    53
         Potion            |     1 |     3 |     4 |     4 |     8 |     1 |       ||    21
   Stab: Distracted        |       |       |     1 |       |     3 |     2 |     2 ||     8
         Sleeping          |       |       |     1 |       |    12 |    17 |     4 ||    34
         Invisible         |       |       |       |       |       |     5 |       ||     5
         Paralysed         |       |       |       |       |       |     5 |     1 ||     6
 Armour: Scale mail        |    44 |    34 |    60 |   169 |   616 |   517 |    68 ||  1508
         Ring mail         |       |       |    63 |    91 |       |       |       ||   154
         Skin              |       |       |       |     7 |    14 |   316 |    95 ||   432
  Dodge: Dodged            |    40 |    37 |   109 |   315 |   720 |   942 |   179 ||  2342
  Block: Buckler           |    25 |    27 |    66 |   190 |   683 |   775 |   165 ||  1931
